 Dungeon Crawl Stone Soup version 0.31-a0-188-g5e087ee2ca (webtiles) character file.

Game seed: 483627139467061749

25 qw the Shooter (level 2, 0/16 HPs)
             Began as a Deep Elf Hunter on June 22, 2023.
             Succumbed to their own poison gas
             ... on level 1 of the Dungeon.
             The game lasted 00:00:15 (871 turns).

qw the Shooter (Deep Elf Hunter)                     Turns: 871, Time: 00:00:15

Health: 0/16       AC:  3    Str:  8    XL:     2   Next: 86%
Magic:  4/4        EV: 12    Int: 13    God:
Gold:   120        SH:  0    Dex: 18    Spells: 1/1 levels left

rFire   . . .        Y - +0 shortbow
rCold   . . .        (shield currently unavailable)
rNeg    . . .        c - +0 leather armour
rPois   .            (no helmet)
rElec   .            (no cloak)
rCorr   .            (no gloves)
SInv    .            (no boots)
Will    .....        (no amulet)
Stlth   ++           (no ring)
HPRegen 0.22/turn    (no ring)
MPRegen 0.09/turn

%: no passive effects
@: lethally poisoned (0 -> -19), weak-willed
A: no striking features
a: no special abilities


You were on level 1 of the Dungeon.
You visited 1 branch of the dungeon, and saw 1 of its levels.

You collected 180 gold pieces.
You spent 60 gold pieces at shops.


   Skills:
 - Level 1.5 Fighting
 + Level 6.5 Ranged Weapons
 - Level 2.4 Dodging
 - Level 1.2 Stealth


You had one spell level left.
You didn't know any spells.
Your spell library was empty.

Inventory:

Hand Weapons
 Y - a +0 shortbow (weapon)
Armour
 c - a +0 leather armour (worn)
Scrolls
 e - 2 scrolls of identify
Potions
 d - a potion of heal wounds
 h - a potion of cancellation

Dungeon Overview and Level Annotations

Branches:
Dungeon (1/15)

Altars:

Shops:
D:1 ?


Message History

As you read the scroll of identify, it crumbles to dust.
h - a potion of cancellation;
866 ||| IDENTIFYING clear potion Done exploring.
867 ||| READING 3 scrolls of identify.
As you read the scroll of identify, it crumbles to dust.
i - a potion of brilliance
867 ||| IDENTIFYING metallic dark potion Done exploring.
868 ||| DROPPING scroll of butterflies.
You drop a scroll of butterflies.
Done exploring.
869 ||| DROPPING potion of brilliance.
You drop a potion of brilliance.
Done exploring.
(D) Dungeon
Where to? (* - list waypoints, ? - help)
What level of the Dungeon? (default 1, ? - help) Sorry, I don't know how to get there.
Enter note:
Enter note:
Enter note:
Enter note:
Enter note:
Enter note:
Enter note:
Enter note:
Enter note:
Enter note:
Enter note:
Enter note:
Enter note:
Enter note:
Enter note:
Enter note:
Enter note:
Enter note: Really walk into that cloud of poison gas?
You are engulfed in poison gas.
You are lethally poisoned!
You feel very sick.
871 ||| Stepping ~*~*~tactically~*~*~ (cloud).
You die...

###.#....###.# #.#
..........##.########.##
###.#..#####.###¤####.##
.......# ###.###¤####.##
###.#..# ###...#¤####.##
#.....# ###.###0####.##
##.#..# ###.###¤####.##
#.#..#####.###¤####.##
###.#.........##@####.##
....##.#####..##0####.##
######.#####..##0####.##
#.........##¤####.##
#..........¤¤####.##
#.#######.##¤####.##
#.#######.##¤¤....##
#.........##########
#.#######.#


There were no monsters in sight!

Vanquished Creatures
  2 dart slugs (D:1)
  4 endoplasms (D:1)
  2 hobgoblins (D:1)
  4 kobolds (D:1)
  2 quokkas (D:1)
  3 bats (D:1)
  2 rats (D:1)
19 creatures vanquished.

Notes
Turn   | Place    | Note
-------+----------+-------------------------------------------
     0 | D:1      | qw the Deep Elf Hunter began the quest for the Orb.
     0 | D:1      | Reached XP level 1. HP: 12/12 MP: 3/3
     0 | D:1      | 0 ||| qw: Version: 0.3-a-9-g12657ce
     0 | D:1      | 0 ||| qw: Game counter: 2818
     0 | D:1      | 0 ||| qw: Always use a shield: true
     0 | D:1      | 0 ||| qw: God list: Okawaru
     0 | D:1      | 0 ||| qw: Allow faded altars: false
     0 | D:1      | 0 ||| qw: Do Orc after D:15 true
     0 | D:1      | 0 ||| qw: Do second Lair branch before Depths: true
     0 | D:1      | 0 ||| qw: Lair rune preference: random
     0 | D:1      | 0 ||| qw: Plans: Normal
     0 | D:1      | 0 ||| PLANNING D:1-11
    40 | D:1      | Found Durukely's Magic Scroll Emporium.
    61 | D:1      | 61 ||| BUYING scroll of identify (20 gold).
    61 | D:1      | Bought a scroll of identify for 20 gold pieces
    61 | D:1      | 61 ||| BUYING scroll of identify (20 gold).
    61 | D:1      | Bought a scroll of identify for 20 gold pieces
    61 | D:1      | 61 ||| BUYING scroll of identify (20 gold).
    61 | D:1      | Bought a scroll of identify for 20 gold pieces
    61 | D:1      | 61 ||| SHOPLISTING scroll of teleportation (30 gold, have
                  | 22).
    69 | D:1      | Reached skill level 6 in Ranged Weapons
    69 | D:1      | Reached XP level 2. HP: 16/16 MP: 4/4
   862 | D:1      | 862 ||| READING scroll labelled OPSAKE BOKKAT.
   863 | D:1      | 863 ||| READING scroll labelled FUPTIA WIGGI.
   864 | D:1      | 864 ||| READING scroll labelled XEAFOI SUKKEMA.
   865 | D:1      | 865 ||| DRINKING 2 sedimented ruby potions.
   866 | D:1      | 866 ||| READING 4 scrolls of identify.
   866 | D:1      | 866 ||| IDENTIFYING clear potion
   867 | D:1      | 867 ||| READING 3 scrolls of identify.
   867 | D:1      | 867 ||| IDENTIFYING metallic dark potion
   868 | D:1      | 868 ||| DROPPING scroll of butterflies.
   869 | D:1      | 869 ||| DROPPING potion of brilliance.
   871 | D:1      | 871 ||| Stepping ~*~*~tactically~*~*~ (cloud).
   871 | D:1      | Succumbed to their own poison gas

Levels and vault maps discovered:
D:1:      minmay_arrival_four_circles, layout_basic, serial_shops, shop_coins

Skill      XL: |  1 |
---------------+----+-----
Ranged Weapons | 6 |  6.5
Fighting       | |  1.5
Dodging        | |  2.4
Stealth        | |  1.2

Action                     || total
---------------------------++-------
   Fire: Shortbow          ||    47
    Use: Scroll            ||     5
         Potion            ||     1
 Armour: Leather armour    ||     3
  Dodge: Dodged            ||     2

Table legend:
 A = Non-vault XP
 B = Vault XP
 C = Vault XP percentage of total XP
 D = Non-vault monster count
 E = Vault monster count
 F = Vault count percentage of total count
                 A         B        C        D         E       F
            +---------+---------+-------+---------+---------+-------
      Total |      37 |       0 |   0.0 |      19 |       0 |   0.0
            +---------+---------+-------+---------+---------+-------
        D:1 |      37 |       0 |   0.0 |      19 |       0 |   0.0
            +---------+---------+-------+---------+---------+-------
